 Dungeon Crawl Stone Soup version 0.29.1-12-g30fa7ad0bf (webtiles) character file.

Game seed: 6598934920880126183

72 cdecastro the Firebug (level 4, 0/35 HPs)
             Began as a Mummy Cinder Acolyte on Dec 16, 2022.
             Was a High Priest of Ignis.
             Slain by a gnoll
             ... wielding a +0 spear
              (2 damage)
             ... on level 4 of the Dungeon.
             The game lasted 00:03:09 (2252 turns).

cdecastro the Firebug (Mummy Cinder Acolyte)        Turns: 2252, Time: 00:03:10

Health: 0/35       AC:  9    Str: 17    XL:     4   Next: 7%
Magic:  2/6        EV: 11    Int: 15    God:    Ignis [*****.]
Gold:   78         SH:  0    Dex:  7    Spells: 3/5 levels left

rFire   . . .      SeeInvis .   a - -1 spear (flame)
rCold   + . .      Faith    .   (no shield)
rNeg    + + +      Spirit   .   b - +0 robe
rPois   ∞          Reflect  .   (no helmet)
rElec   .          Harm     .   (no cloak)
rCorr   .          Rampage  .   (no gloves)
Will    .....                   (no boots)
Stlth   +.........              (no amulet)
HPRegen 0.11/turn               (no ring)
MPRegen 0.10/turn               (no ring)

@: fiery-armoured
A: cold resistance 1, negative energy resistance 3, torment resistance 2, heat
vulnerability 1, in touch with death 1, no potions
a: Renounce Religion, Fiery Armour, Foxfire Swarm, Rising Flame


You were on level 4 of the Dungeon.
You worshipped Ignis.
Ignis was extremely pleased with you.
You visited 1 branch of the dungeon, and saw 3 of its levels.

You collected 78 gold pieces.

Inventory:

Hand Weapons
 a - a -1 spear of flaming (weapon)
Armour
 b - a +0 robe (worn)
Scrolls
 c - 3 scrolls of identify {unknown}
 d - 2 scrolls of teleportation {unknown}
 e - 2 scrolls of amnesia {unknown}


   Skills:
 - Level 3.0 Fighting
 - Level 2.4 Polearms
 - Level 1.3 Spellcasting
 + Level 4.1 Fire Magic


You had 3 spell levels left.
You knew the following spells:

 Your Spells              Type           Power      Damage    Failure   Level
a - Scorch                Fire           26%        2d6       7%          2

Your spell library contained the following spells:

 Spells                   Type           Power      Damage    Failure   Level


Dungeon Overview and Level Annotations

Branches:
Dungeon (2/15)

Altars:

Shops:
D:2 ?

Annotations:
D:1 vault need dig


Innate Abilities, Weirdness & Mutations

You are immune to poison.
Your flesh is cold resistant. (rC+)
You are immune to negative energy. (rN+++)
You are immune to unholy pain and torment.
You are vulnerable to heat. (rF-)
You are in touch with the powers of death.
You do not drink.


Message History

A gnoll comes into view. It is wielding a +0 spear.
The gnoll shouts!
Casting: Scorch (safe; 7% risk of failure)
Press: ? - help, Q - select action Dir - look around, f - activate Flames lash the gnoll.
The gnoll is heavily wounded.
The gnoll's fire resistance burns away.
Unknown command.
Casting: Scorch (safe; 7% risk of failure)
Press: ? - help, Q - select action Dir - look around, f - activate Flames lash the gnoll.
The gnoll is burned terribly!
You kill the gnoll!
You have reached level 4!
The gnoll throws a throwing net.
The throwing net hits you.
You become entangled in the net!
You see here a throwing net.
You struggle against the net.
You struggle against the net.
The gnoll barely misses you.
You struggle against the net.
The gnoll hits you from afar with a +0 spear.
You shred the net and break free! The gnoll hits you with a +0 whip!
The gnoll misses you.
Unknown command.
You hit the gnoll but do no damage. The gnoll hits you with a +0 whip.
* * * LOW HITPOINT WARNING * * *
The gnoll closely misses you.
You hit the gnoll but do no damage.
The gnoll hits you from afar with a +0 spear.
* * * LOW HITPOINT WARNING * * *
The gnoll hits you with a +0 whip!
* * * LOW HITPOINT WARNING * * *
You hit the gnoll but do no damage. The gnoll closely misses you.
The gnoll barely misses you.
A protective cloak of flame settles atop you.
The gnoll closely misses you. The gnoll barely misses you.
You hit the gnoll. You burn the gnoll.
The gnoll is moderately wounded.
The gnoll closely misses you.
The gnoll hits you from afar with a +0 spear.
You die...

...............#
...............#
...............#
..$............##
##########......#
#......# #......#
#...gg.# #.....@#
#....##### #....+
#....# #.... ..#+


You could see 2 gnolls.

Vanquished Creatures
  A gnoll (D:4)
  An adder (D:2)
  A dart slug (D:2)
  8 ball pythons
  7 endoplasms
  3 goblins
  3 hobgoblins (D:1)
  4 jackals (D:1)
  6 kobolds
  4 quokkas (D:1)
  5 bats
  2 frilled lizards (D:1)
  4 rats
49 creatures vanquished.

Notes
Turn   | Place    | Note
-------+----------+-------------------------------------------
     0 | D:1      | cdecastro the Mummy Cinder Acolyte began the quest for the
                  | Orb.
     0 | D:1      | Reached XP level 1. HP: 18/18 MP: 2/2
   365 | D:1      | Reached XP level 2. HP: 15/24 MP: 4/4
   368 | D:1      | Learned a level 2 spell: Scorch
   559 | D:1      | Reached skill level 3 in Fire Magic
   764 | D:1      | Found a faded altar of an unknown god.
  1233 | D:1      | Gained mutation: You are in touch with the powers of death.
                  | [Mummy growth]
  1233 | D:1      | Reached XP level 3. HP: 19/29 MP: 1/5
  2071 | D:2      | Reached skill level 4 in Fire Magic
  2178 | D:2      | Found Yjacs's Magic Scroll Shop.
  2207 | D:2      | You fall into a shaft and drop 2 floors!
  2242 | D:4      | Reached XP level 4. HP: 35/35 MP: 1/6
  2252 | D:4      | Slain by a gnoll

Illustrated notes

Levels and vault maps discovered:
D:1:      elethiomel_arrival_maze, layout_loops_ring,
          shapermc_ecumenical_altar_flowoftime, minmay_surrounded
D:2:      layout_rooms, basic_altar, serial_shops, nicolae_square_shop, shop,
          nicolae_shop_behind_doors, shop
D:4:      layout_gridville, hangedman_decor_opposing, uniq_grinder

Skill      XL: |  1  2  3 |
---------------+----------+-----
Fire Magic     | 3 4 |  4.1
Fighting       | |  3.0
Polearms       | |  2.4
Spellcasting   | |  1.3

Action                   |  1- 3 |  4- 6 || total
-------------------------+-------+-------++-------
Melee: Spear             |   136 |     4 ||   140
 Cast: Scorch            |    24 |       ||    24
Invok: Fiery Armour      |       |     1 ||     1
Armor: Robe              |    37 |       ||    37
Dodge: Dodged            |    99 |     8 ||   107
